 Dungeon Crawl Stone Soup version 0.28-a0-407-g69098e2f6d (webtiles) character file.

Game seed: 9376884889247054761

165 ytrimaz the Magician (level 5, 0/35 HPs)
             Began as an Octopode Transmuter on Sept 5, 2021.
             Was a Follower of Dithmenos.
             Slain by a gnoll (10 damage)
             ... on level 4 of the Dungeon.
             The game lasted 00:07:04 (4273 turns).

ytrimaz the Magician (Octopode Transmuter)          Turns: 4273, Time: 00:07:06

Health: 0/35       AC:  1    Str:  9    XL:     5   Next: 46%
Magic:  8/10       EV: 13    Int: 17    God:    Dithmenos [*.....]
Gold:   122        SH:  0    Dex: 12    Spells: 8/11 levels left

rFire   . . .      SeeInvis .     - Unarmed
rCold   . . .      Faith    .   (no shield)
rNeg    . . .      Spirit   .   (helmet restricted)
rPois   .          Reflect  .   (no amulet)
rElec   .          Harm     .   (no ring)
rCorr   .          Rampage  .   (no ring)
Will    .....                   (no ring)
Stlth   ++........              (no ring)
HPRegen 0.11/turn               (no ring)
MPRegen 0.12/turn               (no ring)
                                (no ring)
                                (no ring)

@: wereblooded, wreathed by umbra
A: almost no armour, amphibious, 8 rings, camouflage 1, gelatinous body 1,
(nimble swimmer 1), tentacles
a: Renounce Religion


You were on level 4 of the Dungeon.
You worshipped Dithmenos.
Dithmenos was aware of your devotion.
You visited 1 branch of the dungeon, and saw 4 of its levels.

You collected 122 gold pieces.

Inventory:

Missiles
 e - 4 atropa-tipped darts
Scrolls
 b - a scroll of teleportation
 i - a scroll of amnesia {unknown}
Potions
 a - a potion of magic {unknown}
 c - a potion of mutation {unknown}
 d - 2 potions of heal wounds
 f - a potion of haste {unknown}
 g - a potion of degeneration {unknown}
 h - a potion of cancellation {unknown}


   Skills:
 * Level 2.3 Fighting
 + Level 2.7 Dodging
 - Level 3.0 Unarmed Combat
 * Level 3.7 Spellcasting
 + Level 2.8 Transmutations


You had 8 spell levels left.
You knew the following spells:

 Your Spells              Type           Power      Damage    Failure   Level
a - Beastly Appendage     Tmut           24%        N/A       4%          1
b - Wereblood             Tmut           12%        N/A       8%          2

Your spell library contained the following spells:

 Spells                   Type           Power      Damage    Failure   Level
 Spider Form              Tmut/Pois      4%         N/A       26%         3
 Ice Form                 Ice/Tmut       8%         N/A       65%         4


Dungeon Overview and Level Annotations

Branches:
Dungeon (3/15)

Altars:
Dithmenos

Annotations:
D:3 3 runed translucent doors, FilthyApe's ghost, weakling MiFi; Zebbs's ghost, amateur MiFi


Innate Abilities, Weirdness & Mutations

You cannot wear most types of armour.
You are amphibious.
You can wear up to eight rings at the same time.
Your skin changes colour to match your surroundings (Stealth+).
Your rubbery body absorbs attacks. (AC +1, EV +1)
((You are camouflaged near water. (Stealth+)))
You have tentacles for arms and can constrict up to eight enemies at once.


Message History

Dithmenos accepts your kill.
You are shrouded in an aura of darkness!
Your transformation is almost over.
You fall into a shaft and drop 1 floor!
The shaft crumbles and collapses. 2 gnolls and a gnoll shaman come into view.
The gnoll shaman shouts!
You hear a shout!
The gnoll shouts!
You hear a shout! x2
You tentacle-slap the gnoll but do no damage.
Your grab misses the gnoll. Your squeeze misses the gnoll.
You closely miss the gnoll. You grab the gnoll.
You squeeze the gnoll, but do no damage.
You constrict the gnoll, but do no damage.
The gnoll barely misses you. The gnoll shaman barely misses you.
The gnoll hits you with a +0 flail.
Casting: Beastly Appendage (safe; 4% risk of failure)
Confirm with . or Enter, or press ? or * to list all spells.
You don't know that spell.
You release your grip on the gnoll.
The gnoll shaman calls upon its god to speed up the gnoll.
The gnoll seems to speed up.
A hobgoblin comes into view.
The gnoll closely misses you.
Casting: Beastly Appendage (safe; 4% risk of failure)
Confirm with . or Enter, or press ? or * to list all spells.
Your blood is infused with primal strength.
A gnoll comes into view. It is wielding a +2 spear of venom.
The gnoll barely misses you.
You barely miss the hobgoblin. Your grab misses the hobgoblin.
Your tentacle spike misses the hobgoblin.
Your tentacle spike disappears.
The gnoll hits you with a +0 flail. The hobgoblin hits you.
The gnoll hits you with a +0 flail!
* * * LOW HITPOINT WARNING * * *
You tentacle-slap the hobgoblin. You grab the hobgoblin.
The hobgoblin is almost dead.
You constrict the hobgoblin.
You feel a bit better.
You kill the hobgoblin!
Dithmenos accepts your kill. The gnoll hits you with a +0 flail!
You die...

.. #. #. ##.
.. #. #
#.####.#####
#.gg@†.....#
#.g#######.#
...g.#
.......#
########


You could see a gnoll shaman and 3 gnolls.

Vanquished Creatures
  An iguana (D:3)
  Crazy Yiuf (D:2)
  4 adders
  5 worms
  A dart slug (D:1)
  An orc (D:3)
  7 ball pythons
  2 endoplasms
  5 giant cockroaches
  6 hobgoblins
  3 jackals (D:1)
  A quokka (D:1)
  4 bats
  2 frilled lizards
  5 goblins
  9 kobolds
  2 rats
59 creatures vanquished.

Vanquished Creatures (others)
  A fungus (D:2)
  5 withered plants (D:3)
6 creatures vanquished.

Grand Total: 65 creatures vanquished

Notes
Turn   | Place    | Note
-------+----------+-------------------------------------------
     0 | D:1      | ytrimaz the Octopode Transmuter began the quest for the
                  | Orb.
     0 | D:1      | Reached XP level 1. HP: 13/13 MP: 3/3
   335 | D:1      | Reached XP level 2. HP: 18/18 MP: 3/5
  1237 | D:1      | Reached XP level 3. HP: 23/23 MP: 6/6
  1432 | D:2      | Found a shadowy altar of Dithmenos.
  1454 | D:2      | Became a worshipper of Dithmenos the Shadowed
  2101 | D:2      | Reached XP level 4. HP: 29/29 MP: 8/8
  2339 | D:2      | Found a faded altar of an unknown god.
  2393 | D:2      | Found a runed translucent door.
  2394 | D:2      | Noticed Crazy Yiuf
  2555 | D:2      | Learned a level 2 spell: Wereblood
  2563 | D:2      | Killed Crazy Yiuf
  3377 | D:3      | Reached XP level 5. HP: 13/34 MP: 7/10
  3900 | D:3      | Found a runed translucent gate.
  3900 | D:3      | Found a runed translucent gate.
  4079 | D:3      | Found a runed translucent gate.
  4079 | D:3      | Noticed FilthyApe's ghost (weakling MiFi)
  4079 | D:3      | Noticed Zebbs's ghost (amateur MiFi)
  4259 | D:3      | Reached * piety under Dithmenos
  4266 | D:3      | You fall into a shaft and drop 1 floor!
  4273 | D:4      | Slain by a gnoll

Illustrated notes

Levels and vault maps discovered:
D:1:      eino_arrival_tree_alley, layout_basic, minmay_misc_feat_room
D:2:      layout_loops_ring, basic_altar,
          shapermc_ecumenical_altar_totnotflames, uniq_crazy_yiuf_cottage
D:3:      layout_rooms, nicolae_elyvilon_peaceful_grove,
          gammafunk_ghost_cemetery
D:4:      layout_basic, minmay_diced_spiral, uniq_edmund

Skill      XL: |  1  2  3  4 |
---------------+-------------+-----
Spellcasting   | 3 |  3.7
Fighting       | 2 |  2.3
Dodging        | |  2.7
Unarmed Combat | |  3.0
Transmutations | |  2.8

Action                   |  1- 3 |  4- 6 || total
-------------------------+-------+-------++-------
Melee: Unarmed           |    86 |    83 ||   169
       Constrict         |    24 |    25 ||    49
       Tentacles         |    12 |    13 ||    25
       Kick              |     7 |     9 ||    16
       Punch             |     1 |     4 ||     5
 Cast: Beastly Appendage |    10 |     8 ||    18
       Wereblood         |       |     3 ||     3
  Use: Scroll            |     3 |       ||     3
       Potion            |       |     2 ||     2
 Stab: Sleeping          |     5 |     5 ||    10
Armor: Skin              |     9 |     6 ||    15
Dodge: Dodged            |    40 |    56 ||    96

Table legend: (Time is in decaauts)
 A = Elapsed time spent in this place.
 B = Non-inter-level travel time spent in this place.
 C = Inter-level travel time spent in this place.
 D = Time resting spent in this place.
 E = Time spent auto-exploring this place.
 F = Levels seen in this place.
 G = Mean time per level.
                   A        B        C        D        E       F      G
               +--------+--------+--------+--------+--------+-----+--------+
         Total |   4264 |   4228 |     36 |   1986 |   1632 |   4 | 1066.0 |
       Dungeon |   4264 |   4228 |     36 |   1986 |   1632 |   4 | 1066.0 |
               +--------+--------+--------+--------+--------+-----+--------+

Top non-repeatable levels by time:
     D:2: 1916 daAuts
     D:1: 1402 daAuts
     D:3: 937 daAuts
     D:4: 6 daAuts
